 Dungeon Crawl Stone Soup version 0.29-a0-757-g358383bc75 (webtiles) character file.

Game seed: 8771061454690025716

40 Sabo the Trooper (level 3, 0/33 HPs)
             Began as a Hill Orc Fighter on July 1, 2022.
             Slain by an adder (3 damage)
             ... on level 2 of the Dungeon.
             The game lasted 00:07:19 (1577 turns).

Sabo the Trooper (Hill Orc Fighter)                 Turns: 1577, Time: 00:07:23

Health: 0/33       AC:  7    Str: 20    XL:     3   Next: 50%
Magic:  3/3        EV:  9    Int:  8    God:
Gold:   85         SH:  4    Dex: 10    Spells: 2/2 levels left

rFire   . . .      SeeInvis .   n - +0 hand axe (vamp)
rCold   . . .      Faith    .   c - +0 buckler
rNeg    . . .      Spirit   .   b - +0 scale mail
rPois   .          Reflect  .   (no helmet)
rElec   .          Harm     .   (no cloak)
rCorr   .          Rampage  .   (no gloves)
Will    +....                   (no boots)
Stlth   ..........              (no amulet)
HPRegen 0.11/turn               k - ring of willpower
MPRegen 0.08/turn               (no ring)

@: no status effects
A: no striking features
a: no special abilities


You were on level 2 of the Dungeon.
You visited 1 branch of the dungeon, and saw 2 of its levels.

You collected 85 gold pieces.

Inventory:

Hand Weapons
 a - a +0 war axe
 n - a +0 vampiric hand axe (weapon)
Missiles
 f - 2 poisoned darts (quivered)
 m - 3 silver boomerangs
 p - 5 datura-tipped darts
Armour
 b - a +0 scale mail (worn)
 c - a +0 buckler (worn)
Jewellery
 k - a ring of willpower (left hand)
Scrolls
 g - 4 scrolls of identify {unknown}
 i - a scroll of fear {unknown}
 l - a scroll of amnesia {unknown}
Potions
 d - a potion of might
 e - 2 potions of magic {unknown}
 h - 2 potions of curing {unknown}
 j - a potion of cancellation {unknown}
 o - a potion of brilliance {unknown}


   Skills:
 + Level 4.0 Fighting
 + Level 3.2 Axes
 + Level 3.7 Armour
 + Level 3.9 Shields


You had 2 spell levels left.
You didn't know any spells.
Your spell library was empty.

Dungeon Overview and Level Annotations

Branches:
Dungeon (2/15)

Altars:


Message History

The crimson imp blinks!
Natasha claws you!
* * * LOW HITPOINT WARNING * * *
You completely miss Natasha.
Natasha is heavily wounded.
You closely miss the adder. The adder bites you but does no damage.
The adder barely misses you. Natasha misses you.
You hit Natasha.
You feel better.
Natasha is almost dead.
You barely miss the adder. You block the adder's attack.
Natasha barely misses you.
You closely miss Natasha.
Natasha is almost dead.
You hit the adder but do no damage. The adder bites you but does no damage.
The adder closely misses you.
Natasha mumbles some strange words.
You completely miss Natasha.
Natasha is almost dead.
You hit the adder but do no damage. The adder bites you but does no damage.
The crimson imp grins evilly.
Natasha claws you.
* * * LOW HITPOINT WARNING * * *
The adder barely misses you.
You closely miss Natasha.
Natasha is almost dead.
You closely miss the adder.
The white imp disappears in a puff of smoke!
Natasha mumbles some strange words.
The adder closely misses you.
You closely miss Natasha.
Natasha is almost dead.
You hit the adder. The adder bites you but does no damage.
Natasha barely misses you.
You hit Natasha.
You feel better.
You kill Natasha!
Natasha screams in pain as she dies!
The crimson imp disappears in a puff of smoke!
The white imp disappears in a puff of smoke!
The crimson imp disappears in a puff of smoke!
You closely miss the adder. The adder misses you. The adder bites you.
You die...

#.#.#^......####.##
#.#.................
#.#......####.##...#
#.#......# .# #.#
#.#......# . ...
'.#.#'#### ## #.#
###.#.# #.# ....#.#
#######.#####
##..#.#
#.§§.@S§....#####
#...#.#
#.#####.###.#...#
#..##+######.# #.#
#.#...#
#.........##.# #.#
#.#.###
#.........##.# #.#
#.#..#
#.........##|# ..#
#.#..#
###.......##.# ###
#.#..#
..'.......##.#.
#.#..#
###.......##.#.
#.#..#


You could see an adder.

Vanquished Creatures
  Natasha (D:2)
  2 adders (D:2)
  2 goblins (D:1)
  A hobgoblin (D:2)
  4 jackals (D:2)
  3 quokkas
  A ball python (D:2)
  2 bats
  3 frilled lizards
  5 rats
24 creatures vanquished.

Notes
Turn   | Place    | Note
-------+----------+-------------------------------------------
     0 | D:1      | Sabo the Hill Orc Fighter began the quest for the Orb.
     0 | D:1      | Reached XP level 1. HP: 19/19 MP: 1/1
   342 | D:1      | Reached XP level 2. HP: 27/27 MP: 2/2
   799 | D:2      | Reached skill level 4 in Fighting
   879 | D:2      | Reached XP level 3. HP: 29/33 MP: 3/3
  1557 | D:2      | Noticed Natasha
  1577 | D:2      | Killed Natasha
  1577 | D:2      | Slain by an adder

Illustrated notes

Levels and vault maps discovered:
D:1:      dpeg_arrival_arbitrary_b, layout_basic, hangedman_decor_lopped,
          nicolae_titane
D:2:      layout_basic, uniq_natasha

Skill      XL: |  1  2 |
---------------+-------+-----
Fighting       | 4 |  4.0
Axes           | 3 |  3.2
Armour         | |  3.7
Shields        | |  3.9

Action                   || total
-------------------------++-------
Melee: War axe           ||    53
       Hand axe          ||    34
Armor: Scale mail        ||    45
Dodge: Dodged            ||    51
Block: Buckler           ||    21

Table legend: (Time is in decaauts)
 A = Elapsed time spent in this place.
 B = Non-inter-level travel time spent in this place.
 C = Inter-level travel time spent in this place.
 D = Time resting spent in this place.
 E = Time spent auto-exploring this place.
 F = Levels seen in this place.
 G = Mean time per level.
                   A        B        C        D        E       F      G
               +--------+--------+--------+--------+--------+-----+--------+
         Total |   1603 |   1603 |      0 |     66 |      0 |   2 |  801.5 |
       Dungeon |   1603 |   1603 |      0 |     66 |      0 |   2 |  801.5 |
               +--------+--------+--------+--------+--------+-----+--------+

Top non-repeatable levels by time:
     D:2: 851 daAuts
     D:1: 752 daAuts
